 Dungeon Crawl Stone Soup version 0.31.0-11-ge490571c62 (webtiles) character file.

Game seed: 18162229707820378042

83 hito the Gusty (level 4, -3/39 HPs)
             Began as an Oni Air Elementalist on Jan 27, 2024.
             Slain by Grinder (5 damage)
             ... on level 3 of the Dungeon.
             The game lasted 00:06:12 (1842 turns).

hito the Gusty (Oni Air Elementalist)               Turns: 1842, Time: 00:06:13

Health: -3/39      AC:  6    Str:  9 (12) XL:     4   Next: 44%
Magic:  0/7        EV:  9    Int: 16 (18) God:
Gold:   85         SH:  0    Dex:  8 (9)  Spells: 0/7 levels left

rFire   + . .        d - +0 club
rCold   + . .        (no shield)
rNeg    . . .        a - +0 robe
rPois   +            (helmet restricted)
rElec   +            c - +2 cloak
rCorr   +            (gloves unavailable)
SInv    .            (boots unavailable)
Will    .....        (no amulet)
Stlth   +            (no ring)
HPRegen 0.26/turn    (no ring)
MPRegen 0.10/turn

%: no passive effects
@: brilliant, resistant
A: large, unfitting armour, horns 1, tough skin 1, double potion healing,
drunken brawling
a: no special abilities


You were on level 3 of the Dungeon.
You visited 1 branch of the dungeon, and saw 3 of its levels.

You collected 85 gold pieces.

Inventory:

Hand Weapons
 d - a +0 club (weapon)
Armour
 a - a +0 robe (worn)
 c - a +2 cloak (worn)
Scrolls
 e - a scroll of revelation {unknown}
 f - a scroll of butterflies {unknown}
 h - a scroll of amnesia {unknown}
 i - a scroll of enchant weapon {unknown}
Potions
 b - a potion of magic


   Skills:
 - Level 1.7 Dodging
 - Level 1.4 Stealth
 - Level 2.4 Spellcasting
 - Level 2.0 Conjurations
 + Level 4.2 Air Magic


You couldn't memorise any spells.
You knew the following spells:

 Your Spells              Type           Power      Damage    Failure   Level
a - Shock                 Conj/Air       68%        1d7       5%          1
b - Static Discharge      Conj/Air       34%        3-5/arc   9%          2
c - Airstrike             Air            11%        2d(2-18)  34%         4

Your spell library contained the following spells:

 Spells                   Type           Power      Damage    Failure   Level
 Swiftness                Air            23%        N/A       11%         3
 Cigotuvi's Dreadful Rot  Necr/Alch/Air  18%        N/A       17%         2
 Ignite Poison            Fire/Alch      2%         N/A       89%         4
 Freezing Cloud           Conj/Ice/Air   6%         6-21      93%         5


Dungeon Overview and Level Annotations

Branches:
Dungeon (3/15)

Altars:
Xom

Shops:
D:1 :

Annotations:
D:3 Grinder


Innate Abilities, Weirdness & Mutations

You are too large for most types of armour.
You have a pair of small horns on your head.
You have tough skin. (AC +1)
You gain doubled healing and magic from potions.
Whenever you drink a healing potion, you attack all around you.


Message History

Aim: Grinder (moderately wounded, 68% to hit)
You feel a surge of power!
The zap hits Grinder.
Grinder is heavily wounded.
Unknown command.
Grinder blinks!
Grinder blinks!
Things that are here:
a +0 short sword; a kobold corpse
Things that are here:
a +0 short sword; a kobold corpse Grinder says, "Tell me all your secrets, or I'll kill you."
Grinder gestures at you.
You suddenly lose the ability to move!
Grinder hits you but does no damage. Grinder completely misses you.
You can move again.
You see here 11 gold pieces.
Casting: Shock (safe; 5% risk of failure)
Confirm with . or Enter, or press ? or * to list all spells.
Aiming: Shock (safe; 5% risk of failure)
Press: ? - help, Shift-Dir - straight line, f/p - Grinder
Aim: Grinder (heavily wounded, 68% to hit)
You feel a surge of power!
The zap hits Grinder.
Grinder is heavily wounded.
Grinder blinks!
Unknown command.
Found an escape hatch in the floor.
You barely miss Grinder.
Grinder is heavily wounded.
Grinder gestures at you. Pain shoots through your body!
* * * LOW HITPOINT WARNING * * *
Grinder gestures at you. Pain shoots through your body!
* * * LOW HITPOINT WARNING * * *
It was a potion of resistance.
You feel protected. Grinder hits you.
You die...
Grinder says, "Now the real fun starts!"

##### #...# #...# #
###...## .. #...#..##
#...
#(####..###########....>
..#####.......)$....#...
.....##......##.@.......
.###.##......##5####..##
.# #.........##.# # ##
###...^^.....#
####....^_^..#...
........^^^..#.##
#.....#......#.#
.###.###...... #


You could see Grinder.

Vanquished Creatures
  Terence (D:2)
  2 adders (D:2)
  A ribbon worm (D:2)
  2 endoplasms
  3 giant cockroaches
  4 goblins
  6 jackals (D:1)
  2 kobolds
  2 quokkas
  3 ball pythons
  4 bats
  2 frilled lizards
  2 rats
34 creatures vanquished.

Notes
Turn   | Place    | Note
-------+----------+-------------------------------------------
     0 | D:1      | hito the Oni Air Elementalist began the quest for the Orb.
     0 | D:1      | Reached XP level 1. HP: 16/16 MP: 3/3
    56 | D:1      | Found Kuskeyd's Book Shoppe.
   154 | D:1      | Reached skill level 3 in Air Magic
   266 | D:1      | Reached XP level 2. HP: 24/24 MP: 3/5
   291 | D:1      | Learned a level 2 spell: Static Discharge
   314 | D:1      | Reached skill level 1 in Conjurations
   901 | D:1      | Reached XP level 3. HP: 30/31 MP: 3/6
   905 | D:1      | Found a faded altar of an unknown god.
  1565 | D:2      | Noticed Terence
  1577 | D:2      | Killed Terence
  1578 | D:2      | Reached skill level 4 in Air Magic
  1578 | D:2      | Reached XP level 4. HP: 14/39 MP: 0/7
  1677 | D:2      | Learned a level 4 spell: Airstrike
  1793 | D:3      | Found a shimmering altar of Xom.
  1803 | D:3      | Noticed Grinder
  1814 | D:3      | Paralysed by Grinder for 3 turns
  1819 | D:3      | Paralysed by Grinder for 3 turns
  1835 | D:3      | Paralysed by Grinder for 4 turns
  1842 | D:3      | Slain by Grinder

Illustrated notes

Levels and vault maps discovered:
D:1:      evilmike_arrival_crescent, layout_basic, serial_shops, shop,
          chequers_ecumenical_altar_simple
D:2:      layout_rooms, uniq_terence
D:3:      layout_rooms, xom_teletrap_fun, mainiacjoe_overflow_catwalk,
          uniq_jessica, uniq_grinder

Skill      XL: |  1  2  3 |
---------------+----------+-----
Air Magic      | 3 4 |  4.2
Conjurations   | 1 2 |  2.0
Dodging        | |  1.7
Stealth        | |  1.4
Spellcasting   | |  2.4

Action                     |  1- 3 |  4- 6 || total
---------------------------+-------+-------++-------
  Melee: Unarmed           |    13 |       ||    13
         Headbutt          |     9 |       ||     9
         Club              |    49 |     4 ||    53
   Cast: Shock             |    39 |     4 ||    43
         Static Discharge  |     5 |     3 ||     8
    Use: Potion            |       |     3 ||     3
 Armour: Robe              |    72 |    11 ||    83
  Dodge: Dodged            |    38 |     2 ||    40
